| TOP OF THE 1ST |
|
Toronto Blue Jays batting - Pitching for Montreal Expos : RHP Jon Turman
|
|
Pitching: RHP Jon Turman
|
|
|
Batting: SHB Dylan Novakowski
|
0-0: Ball 1-0: Ball 2-0: Bunt for hit to 3S - play at first, batter OUT! 3-4
|
|
Batting: LHB Jesus Romero
|
0-0: Called Strike 0-1: Ground out 5-3 (Groundball, 56, EV 81.2 MPH)
|
|
Batting: RHB Ruben Velasco
|
0-0: Called Strike 0-1: Ball 1-1: Ball 2-1: Foul Ball, location: 2F 2-2: Foul Ball, location: 2F 2-2: Ball 3-2: Fly out, F6 (Flyball, 56D, EV 75.6 MPH)
|
| Top of the 1st over - 0 runs, 0 hits, 0 errors, 0 left on base; Toronto 0 - Montreal 0 |
| BOTTOM OF THE 1ST |
|
Montreal Expos batting - Pitching for Toronto Blue Jays : LHP Jon Valdovinos
|
|
Pitching: LHP Jon Valdovinos
|
|
|
Batting: RHB Robby Juarez
|
0-0: Ball 1-0: Ball 2-0: Bunt for hit to P - play at first, batter OUT! 1-3
|
|
Batting: SHB Pete Barutha
|
0-0: Ball 1-0: Called Strike 1-1: Ball 2-1: Ball 3-1: Foul Ball, location: 2F 3-2: Strikes out swinging
|
|
Batting: RHB Mike Salmon
|
0-0: Foul Ball, location: 2F 0-1: SINGLE (Groundball, 56S, EV 61.9 MPH) (infield hit)
|
|
Batting: RHB Hugo Bautista
|
0-0: Ball Mike Salmon is caught stealing 2nd base 2-4
|
| Bottom of the 1st over - 0 runs, 1 hit, 0 errors, 0 left on base; Toronto 0 - Montreal 0 |
| TOP OF THE 2ND |
|
Toronto Blue Jays batting - Pitching for Montreal Expos : RHP Jon Turman
|
|
Batting: RHB Kirk Arp
|
0-0: Ground out 6-3 (Groundball, 56, EV 101.9 MPH)
|
|
Batting: RHB Shigem Kubo
|
0-0: Called Strike 0-1: Foul Ball, location: 2F 0-2: Strikes out swinging
|
|
Batting: LHB Isto Mäyrä
|
0-0: Ball 1-0: Foul Ball, location: 2F 1-1: Called Strike 1-2: Fly out, F9 (Line Drive, 9S, EV 111.9 MPH)
|
| Top of the 2nd over - 0 runs, 0 hits, 0 errors, 0 left on base; Toronto 0 - Montreal 0 |
| BOTTOM OF THE 2ND |
|
Montreal Expos batting - Pitching for Toronto Blue Jays : LHP Jon Valdovinos
|
|
Batting: RHB Hugo Bautista
|
0-0: Ball 1-0: Called Strike 1-1: Called Strike 1-2: Foul Ball, location: 2F 1-2: Fly out, F9 (Flyball, 9, EV 79.4 MPH)
|
|
Batting: LHB Steve Anderson
|
0-0: Called Strike 0-1: Foul Ball, location: 2F 0-2: Foul Ball, location: 2F 0-2: DOUBLE (Groundball, 5L, EV 105.6 MPH)
|
|
Batting: RHB John Ham
|
0-0: Ball 1-0: Swinging Strike 1-1: Swinging Strike 1-2: Ball 2-2: Strikes out swinging
|
|
Batting: RHB Martin Chavez
|
0-0: Ground out 5-3 (Groundball, 56, EV 83.8 MPH)
|
| Bottom of the 2nd over - 0 runs, 1 hit, 0 errors, 1 left on base; Toronto 0 - Montreal 0 |
| TOP OF THE 3RD |
|
Toronto Blue Jays batting - Pitching for Montreal Expos : RHP Jon Turman
|
|
Batting: RHB Cole Zelinski
|
0-0: Called Strike 0-1: Ground out 6-3 (Groundball, 6MD, EV 86.2 MPH)
|
|
Batting: RHB Tommy Mize
|
0-0: Ball 1-0: Ball 2-0: Called Strike 2-1: Ground out 5-3 (Groundball, 56, EV 111.2 MPH)
|
|
Batting: RHB Jerry Jauregui
|
0-0: Foul Ball, location: 2F 0-1: Ball 1-1: Fly out, F3 (Popup, 23F, EV 76.2 MPH)
|
| Top of the 3rd over - 0 runs, 0 hits, 0 errors, 0 left on base; Toronto 0 - Montreal 0 |
| BOTTOM OF THE 3RD |
|
Montreal Expos batting - Pitching for Toronto Blue Jays : LHP Jon Valdovinos
|
|
Batting: RHB Jesse Basich
|
0-0: Ball 1-0: Called Strike 1-1: Ground out 4-3 (Groundball, 6MD, EV 77.5 MPH)
|
|
Batting: SHB Bran Stark
|
0-0: Called Strike 0-1: Foul Ball, location: 2F 0-2: Fly out, F9 (Flyball, 9S, EV 90.6 MPH)
|
|
Batting: RHB Robby Juarez
|
0-0: Ball 1-0: Called Strike 1-1: Foul Ball, location: 2F 1-2: Ball 2-2: Ball 3-2: Foul Ball, location: 2F 3-2: Fly out, F7 (Flyball, 78S, EV 90.0 MPH)
|
| Bottom of the 3rd over - 0 runs, 0 hits, 0 errors, 0 left on base; Toronto 0 - Montreal 0 |
| TOP OF THE 4TH |
|
Toronto Blue Jays batting - Pitching for Montreal Expos : RHP Jon Turman
|
|
Batting: SHB Dylan Novakowski
|
0-0: Ball 1-0: Swinging Strike 1-1: Foul Ball, location: 2F 1-2: Strikes out swinging
|
|
Batting: LHB Jesus Romero
|
0-0: Called Strike 0-1: Called Strike 0-2: Foul Ball, location: 2F 0-2: Ground out 4-3 (Groundball, 13, EV 85.0 MPH)
|
|
Batting: RHB Ruben Velasco
|
0-0: Foul Ball, location: 2F 0-1: Foul Ball, location: 2F 0-2: DOUBLE (Line Drive, 3D, EV 95.6 MPH)
|
|
Batting: RHB Kirk Arp
|
0-0: Called Strike 0-1: Called Strike 0-2: Foul Ball, location: 2F 0-2: Ball 1-2: Foul Ball, location: 2F 1-2: Ball 2-2: SINGLE (Groundball, 56S, EV 70.0 MPH) (infield hit) Ruben Velasco to third
|
|
Batting: RHB Shigem Kubo
|
0-0: Fly out, F7 (Flyball, 78S, EV 80.0 MPH)
|
| Top of the 4th over - 0 runs, 2 hits, 0 errors, 2 left on base; Toronto 0 - Montreal 0 |
| BOTTOM OF THE 4TH |
|
Montreal Expos batting - Pitching for Toronto Blue Jays : LHP Jon Valdovinos
|
|
Batting: SHB Pete Barutha
|
0-0: Ground out 6-3 (Groundball, 6, EV 103.1 MPH)
|
|
Batting: RHB Mike Salmon
|
0-0: Called Strike 0-1: Fly out, F9 (Line Drive, 9, EV 98.1 MPH)
|
|
Batting: RHB Hugo Bautista
|
0-0: Called Strike 0-1: Ball 1-1: Ball 2-1: Ball 3-1: DOUBLE (Flyball, 8LXD, EV 96.9 MPH)
|
|
Batting: LHB Steve Anderson
|
0-0: Ball 1-0: Ball 2-0: Called Strike 2-1: Fly out, F7 (Flyball, 7S, EV 96.2 MPH)
|
| Bottom of the 4th over - 0 runs, 1 hit, 0 errors, 1 left on base; Toronto 0 - Montreal 0 |
| TOP OF THE 5TH |
|
Toronto Blue Jays batting - Pitching for Montreal Expos : RHP Jon Turman
|
|
Batting: LHB Isto Mäyrä
|
0-0: Ball 1-0: Fly out, F9 (Flyball, 9LS, EV 80.6 MPH)
|
|
Batting: RHB Cole Zelinski
|
0-0: Ball 1-0: Fly out, F3 (Popup, 3L, EV 67.5 MPH)
|
|
Batting: RHB Tommy Mize
|
0-0: Swinging Strike 0-1: Swinging Strike 0-2: Ground out 6-3 (Groundball, 56, EV 110.0 MPH)
|
| Top of the 5th over - 0 runs, 0 hits, 0 errors, 0 left on base; Toronto 0 - Montreal 0 |
| BOTTOM OF THE 5TH |
|
Montreal Expos batting - Pitching for Toronto Blue Jays : LHP Jon Valdovinos
|
|
Batting: RHB John Ham
|
0-0: Called Strike 0-1: Foul Ball, location: 2F 0-2: Ball 1-2: Ground out 5-3 (Groundball, 56, EV 88.8 MPH)
|
|
Batting: RHB Martin Chavez
|
0-0: Ball 1-0: Called Strike 1-1: Ball 2-1: Ball 3-1: Called Strike 3-2: Strikes out looking
|
|
Batting: RHB Jesse Basich
|
0-0: Called Strike 0-1: SINGLE (Line Drive, 7LS, EV 88.1 MPH)
|
|
Batting: SHB Bran Stark
|
0-0: Foul Ball, location: 2F 0-1: Ball 1-1: Swinging Strike 1-2: Fielders Choice at 2nd, 6-4 (Groundball, 6, EV 81.9 MPH)
|
| Bottom of the 5th over - 0 runs, 1 hit, 0 errors, 1 left on base; Toronto 0 - Montreal 0 |
| TOP OF THE 6TH |
|
Toronto Blue Jays batting - Pitching for Montreal Expos : RHP Jon Turman
|
|
Batting: RHB Jerry Jauregui
|
0-0: Ball 1-0: Ball 2-0: Ground out 4-3 (Groundball, 4, EV 85.0 MPH)
|
|
Batting: SHB Dylan Novakowski
|
0-0: Ball 1-0: Ball 2-0: SINGLE (Line Drive, 7S, EV 90.0 MPH)
|
|
Batting: LHB Jesus Romero
|
0-0: Called Strike Dylan Novakowski steals 2nd base 0-1: Foul Ball, location: 2F 0-2: Strikes out looking
|
|
Batting: RHB Ruben Velasco
|
0-0: Intentional Walk
|
|
Batting: RHB Kirk Arp
|
0-0: Ball 1-0: Ground out 3-1 (Groundball, 34, EV 110.0 MPH)
|
| Top of the 6th over - 0 runs, 1 hit, 0 errors, 2 left on base; Toronto 0 - Montreal 0 |
| BOTTOM OF THE 6TH |
|
Montreal Expos batting - Pitching for Toronto Blue Jays : LHP Jon Valdovinos
|
|
Batting: RHB Robby Juarez
|
0-0: Reached on error, E5 (Groundball, 5S, EV 64.4 MPH)
|
|
Batting: SHB Pete Barutha
|
0-0: Called Strike 0-1: Ground out 6-3 (Groundball, 6, EV 85.6 MPH) Robby Juarez to third
|
|
Batting: RHB Mike Salmon
|
0-0: Ball 1-0: Ground out 4-3 (Groundball, 4, EV 82.5 MPH)
|
|
Batting: RHB Hugo Bautista
|
0-0: Called Strike 0-1: Foul Ball, location: 2F 0-2: Foul Ball, location: 2F 0-2: Ball 1-2: DOUBLE (Flyball, 78D, EV 105.6 MPH) Robby Juarez scores
|
|
Batting: LHB Steve Anderson
|
0-0: Called Strike 0-1: Swinging Strike 0-2: Ball 1-2: Ball 2-2: Ball 3-2: Strikes out swinging
|
| Bottom of the 6th over - 1 run, 1 hit, 1 error, 1 left on base; Toronto 0 - Montreal 1 |
| TOP OF THE 7TH |
|
Toronto Blue Jays batting - Pitching for Montreal Expos : RHP Jon Turman
|
|
Batting: RHB Shigem Kubo
|
0-0: Ball 1-0: Ball 2-0: Ground out 6-3 (Groundball, 6, EV 99.4 MPH)
|
|
Batting: LHB Isto Mäyrä
|
0-0: Called Strike 0-1: Called Strike 0-2: Fly out, F7 (Flyball, 7, EV 78.8 MPH)
|
|
Batting: RHB Cole Zelinski
|
0-0: Ball 1-0: Ball 2-0: Foul Ball, location: 2F 2-1: Foul Ball, location: 2F 2-2: Fly out, F3 (Line Drive, 3, EV 71.2 MPH)
|
| Top of the 7th over - 0 runs, 0 hits, 0 errors, 0 left on base; Toronto 0 - Montreal 1 |
| BOTTOM OF THE 7TH |
|
Montreal Expos batting - Pitching for Toronto Blue Jays : LHP Jon Valdovinos
|
|
Batting: RHB John Ham
|
0-0: Called Strike 0-1: Ball 1-1: Foul Ball, location: 2F 1-2: Strikes out looking
|
|
Batting: RHB Martin Chavez
|
0-0: Called Strike 0-1: SINGLE (Groundball, 56D, EV 98.1 MPH)
|
|
Batting: RHB Jesse Basich
|
0-0: Ball 1-0: Foul Ball, location: 2F 1-1: Fielders Choice at 2nd, 1-4 (Groundball, 15S, EV 65.6 MPH)
|
|
Batting: SHB Bran Stark
|
0-0: Ball 1-0: Ball 2-0: 2-RUN HOME RUN (Flyball, 7D, EV 98.1 MPH), Distance : 357 ft
|
|
Batting: RHB Robby Juarez
|
0-0: Ball 1-0: Ball 2-0: SINGLE (Flyball, 78S, EV 95.0 MPH)
|
|
Batting: SHB Pete Barutha
|
0-0: Called Strike 0-1: Swinging Strike 0-2: Ball 1-2: Ball 2-2: Strikes out swinging, 2-3 out at first.
|
| Bottom of the 7th over - 2 runs, 3 hits, 0 errors, 1 left on base; Toronto 0 - Montreal 3 |
| TOP OF THE 8TH |
|
Toronto Blue Jays batting - Pitching for Montreal Expos : RHP Jon Turman
|
|
Batting: RHB Tommy Mize
|
0-0: Swinging Strike 0-1: Foul Ball, location: 2F 0-2: Foul Ball, location: 2F 0-2: Foul Ball, location: 2F 0-2: Ball 1-2: SINGLE (Flyball, 4D, EV 88.1 MPH)
|
|
Batting: RHB Jerry Jauregui
|
0-0: Foul Ball, location: 2F 0-1: Grounds into double play, 4-6-3 (Groundball, 34, EV 80.6 MPH)
|
|
Batting: SHB Dylan Novakowski
|
0-0: Foul Ball, location: 2F 0-1: Ball 1-1: Ground out U3 (Groundball, 34S, EV 84.4 MPH)
|
| Top of the 8th over - 0 runs, 1 hit, 0 errors, 0 left on base; Toronto 0 - Montreal 3 |
| BOTTOM OF THE 8TH |
|
Montreal Expos batting - Pitching for Toronto Blue Jays : LHP Jon Valdovinos
|
|
Pitching: RHP Douglas ten Pas
|
|
|
Batting: RHB Mike Salmon
|
0-0: Called Strike 0-1: Foul Ball, location: 2F 0-2: Foul Ball, location: 2F 0-2: Strikes out looking
|
|
Batting: RHB Hugo Bautista
|
0-0: Foul Ball, location: 2F 0-1: Ball 1-1: Ground out 4-3 (Groundball, 4, EV 79.4 MPH)
|
|
Batting: LHB Steve Anderson
|
0-0: Ball 1-0: Swinging Strike 1-1: Foul Ball, location: 2F 1-2: Ground out 4-3 (Groundball, 4, EV 88.1 MPH)
|
| Bottom of the 8th over - 0 runs, 0 hits, 0 errors, 0 left on base; Toronto 0 - Montreal 3 |
| TOP OF THE 9TH |
|
Toronto Blue Jays batting - Pitching for Montreal Expos : RHP Jon Turman
|
|
Pitching: RHP Alan Taylor
|
|
|
Batting: LHB Jesus Romero
|
0-0: Ball 1-0: Foul Ball, location: 2F 1-1: Foul Ball, location: 2F 1-2: Strikes out swinging
|
|
Batting: RHB Ruben Velasco
|
0-0: Foul Ball, location: 2F 0-1: Ball 1-1: Foul Ball, location: 2F 1-2: Ground out 3-1 (Groundball, 34, EV 85.0 MPH)
|
|
Batting: RHB Kirk Arp
|
0-0: SINGLE (Line Drive, 9LS, EV 108.8 MPH)
|
|
Batting: RHB Shigem Kubo
|
0-0: Ball 1-0: Called Strike 1-1: Foul Ball, location: 2F 1-2: Foul Ball, location: 2F 1-2: Foul Ball, location: 2F 1-2: Fly out, F6 (Popup, 6M, EV 70.0 MPH)
|
| Top of the 9th over - 0 runs, 1 hit, 0 errors, 1 left on base; Toronto 0 - Montreal 3 |
|